 Dungeon Crawl Stone Soup version 0.23-a0-481-g60b89c1 (webtiles) character file.

35 XanderDroid the Insei (level 3, -4/28 HPs)
             Began as a Gnoll Wanderer on Nov 29, 2018.
             Slain by an adder (5 damage)
             ... on level 1 of the Dungeon.
             The game lasted 00:03:33 (1201 turns).

XanderDroid the Insei (Gnoll Wanderer)              Turns: 1201, Time: 00:03:34

Health: -4/28      AC:  2    Str: 13    XL:     3   Next: 33%
Magic:  4/4        EV: 11    Int: 15    God:
Gold:   73         SH:  0    Dex: 15    Spells: 3/3 levels left

rFire    . . .     SeeInvis .   a - +3 hand axe
rCold    . . .     Gourm    .   (no shield)
rNeg     . . .     Faith    .   e - +0 robe
rPois    .         Spirit   .   (no helmet)
rElec    .         Reflect  .   (no cloak)
rCorr    .         Harm     .   (no gloves)
MR       .....     Rnd*Tele +   (no boots)
Stlth    +++.......             (no amulet)
HPRegen  0.09/turn              c - ring of teleportation (curse)
MPRegen  0.09/turn              (no ring)

@: lethally poisoned (-4 -> -12)
A: distributed training, fangs 1, strong nose
a: no special abilities


You were on level 1 of the Dungeon.
You were not hungry.

You visited 1 branch of the dungeon, and saw 2 of its levels.

You collected 73 gold pieces.

Inventory:

Hand Weapons
 a - a +3 hand axe (weapon)
 b - a +0 dagger
Armour
 e - a +0 robe (worn)
Jewellery
 c - a cursed ring of teleportation (left hand)
Scrolls
 d - 2 scrolls of teleportation
 f - a scroll of blinking
 i - a scroll of remove curse {unknown}
Potions
 h - a potion of ambrosia {unknown}
 j - a potion of curing {unknown}
Comestibles
 g - a ration
 k - a chunk of flesh


   Skills:
 + Level 2.6 Fighting
 + Level 0.7 Short Blades
 + Level 0.7 Long Blades
 + Level 0.7 Axes
 + Level 2.6 Maces & Flails
 + Level 0.7 Polearms
 + Level 0.7 Staves
 + Level 0.7 Slings
 + Level 0.7 Bows
 + Level 0.7 Crossbows
 + Level 2.6 Throwing
 + Level 2.6 Armour
 + Level 0.7 Dodging
 + Level 4.1 Stealth
 + Level 0.7 Shields
 + Level 6.5 Unarmed Combat
 + Level 0.7 Spellcasting
 + Level 0.5 Conjurations
 + Level 0.5 Hexes
 + Level 0.5 Charms
 + Level 0.5 Summonings
 + Level 0.5 Necromancy
 + Level 0.5 Translocations
 + Level 0.5 Transmutations
 + Level 0.5 Fire Magic
 + Level 0.5 Ice Magic
 + Level 0.5 Air Magic
 + Level 0.5 Earth Magic
 + Level 0.5 Poison Magic
 + Level 0.9 Invocations
 + Level 2.6 Evocations


You had 3 spell levels left.
You didn't know any spells.
Your spell library was empty.

Dungeon Overview and Level Annotations

Branches:
Dungeon (2/15)

Altars:


Innate Abilities, Weirdness & Mutations

Your experience applies equally to all skills.
You have very sharp teeth.
Your uncanny sense of smell can sniff out nearby items.


Message History

The adder bites you.
You are poisoned.
The adder poisons you!
Found two ring mails.
You feel sick.
There is a stone staircase leading up here.
The quokka bites you but does no damage.
The adder barely misses you.
You climb upwards.
You feel sick.
There is a stone staircase leading down here.
You slash the adder!
The adder is almost dead.
You hit the quokka but do no damage. The quokka closely misses you.
The adder bites you.
* * * LOW HITPOINT WARNING * * *
You are lethally poisoned!
The adder poisons you! The quokka bites you.
* * * LOW HITPOINT WARNING * * *
The adder bites you.
You die...

.# .# ### .# #.# .#
####.# .# #....### .#
#.#....# .#
#....#.####
.#############.......#
...............S@r####
##.########.###...####
##+#### #..........#
......# #.....######
......# ##....####
......# #.......#
......# #.##.####
##..#.######.##.#
##.......)...####


You could see an adder and a quokka.

Vanquished Creatures
  A dart slug (D:1)
  2 worms (D:2)
  2 giant cockroaches
  2 goblins (D:1)
  5 hobgoblins
  7 kobolds
  A ball python (D:2)
  2 frilled lizards
  6 rats (D:1)
28 creatures vanquished.

Notes
Turn   | Place    | Note
-------+----------+-------------------------------------------
     0 | D:1      | XanderDroid the Gnoll Wanderer began the quest for the Orb.
     0 | D:1      | XanderDroid set off with the following items: a potion of
                  | berserk rage, a scroll of blinking, a +0 spear, a scroll of
                  | teleportation, a +0 robe, a +0 dagger, a ration
     0 | D:1      | Reached XP level 1. HP: 17/17 MP: 2/2
   293 | D:1      | Reached XP level 2. HP: 15/23 MP: 3/3
   807 | D:1      | Reached XP level 3. HP: 27/28 MP: 4/4
  1201 | D:1      | HP: 1/28 [quokka (4)]
  1201 | D:1      | Slain by an adder

Vault maps used:
D:1:      psy_arrival_radial02
D:2:      lemuel_coloured_pillars_altar, marbit_many_paths, serial_bayou_ford_a,
          minmay_tiny_reverse_x

Action                   || total
-------------------------++-------
Melee: Hand axe          ||    63
       Spear             ||     7
       Bite              ||    10
       Punch             ||     2
       Dagger            ||     1
 Stab: Sleeping          ||     6
  Eat: Chunk             ||     1
Armor: Robe              ||     7
Dodge: Dodged            ||    48

Table legend:
 A = Non-vault XP
 B = Vault XP
 C = Vault XP percentage of total XP
 D = Non-vault monster count
 E = Vault monster count
 F = Vault count percentage of total count
                 A         B        C        D         E       F
            +---------+---------+-------+---------+---------+-------
      Total |      50 |       0 |   0.0 |      28 |       0 |   0.0
            +---------+---------+-------+---------+---------+-------
        D:1 |      34 |       0 |   0.0 |      21 |       0 |   0.0
        D:2 |      16 |       0 |   0.0 |       7 |       0 |   0.0
            +---------+---------+-------+---------+---------+-------
